 Dungeon Crawl Stone Soup version 0.19-a0-867-g949743d (webtiles) character file.

32 4thArraOfDagon the Skirmisher (level 3, 0/29 HPs)
             Began as a Formicid Abyssal Knight on July 3, 2016.
             Was an Initiate of Lugonu.
             Slain by a hound (1 damage)
             ... on level 14 of the Dungeon.
             The game lasted 00:03:49 (684 turns).

4thArraOfDagon the Skirmisher (FoAK)                 Turns: 684, Time: 00:03:49

Health: 0/29       AC:  4    Str: 14 (16) XL:     3   Next: 42%
Magic:  4/4        EV: 11    Int:  8 (10) God:    Lugonu [......]
Gold:   101        SH:  0    Dex:  8 (10) Spells: 0 memorised, 2 levels left

rFire  . . .     SeeInvis +     a - +1 hand axe
rCold  . . .     Gourm    .     j - +1 leather armour of the Forest {rPois rN+ rCorr Int-2}
rNeg   + . .     Faith    .     (no shield)
rPois  +         Spirit   .     (helmet unavailable)
rElec  .         Dismiss  .     (no cloak)
rCorr  +         Reflect  .     (no gloves)
SustAt .         Harm     .     (no boots)
MR     .....                    (no amulet)
Stlth  +.........               (no ring)
                                (no ring)

@: not resistant to hostile enchantments, very unstealthy
A: permanent stasis, dig shafts and tunnels, four strong arms, antennae 3
a: Dig, Shaft Self, Renounce Religion


You were on level 14 of the Dungeon.
You worshipped Lugonu.
Lugonu was noncommittal.
You were not hungry.

You visited 1 branch of the dungeon, and saw 10 of its levels.
You visited the Abyss 1 time.

You collected 101 gold pieces.

Inventory:

Hand Weapons
 a - a +1 hand axe (weapon)
Armour
 b - a +0 leather armour
 j - the +1 leather armour of the Forest (worn) {rPois rN+ rCorr Int-2}
   (You found it on level 12 of the Dungeon)

   It affects your intelligence (-2).
   It protects you from poison.
   It protects you from negative energy.
   It protects you from acid and corrosion.
Books
 f - a Grand Grimoire

   Spells                             Type                      Level
   a - Monstrous Menagerie            Summoning                    7
   b - Summon Greater Demon           Summoning                    7
   c - Malign Gateway                 Summoning/Translocation      7
   d - Summon Horrible Things         Summoning                    8
Comestibles
 c - 3 bread rations
 d - a beef jerky


   Skills:
 + Level 3.5 Fighting
 * Level 2.6 Axes
 + Level 2.8 Armour
 - Level 0.8 Dodging
 + Level 2.5 Invocations


You had 2 spell levels left.
You didn't know any spells.

Dungeon Overview and Level Annotations

Branches:
Dungeon (14/15)              Lair (0/6) D:11
 Temple: D:4-7          Orc: D:9-12      Vaults: D:13-14

Altars:
Dithmenos
Vehumet
Yredelemnul

Annotations:
D:2 1 runed door


Innate Abilities, Weirdness & Mutations

You are under a permanent stasis effect.
You can dig through walls and to a lower floor.
Your four strong arms can wield two-handed weapons with a shield.
You have a pair of large antennae on your head. (SInv)


Message History

The hound is moderately wounded.
The hound closely misses you. The hound barely misses you.
You hit the hound.
The hound is heavily wounded.
The hound bites you.
* * * LOW HITPOINT WARNING * * *
You closely miss the hound.
The hound is heavily wounded.
The hound closely misses you. The hound barely misses you.
Unknown command.
You miss the hound.
The hound is heavily wounded.
The hound bites you.
* * * LOW HITPOINT WARNING * * *
The hound misses you.
Unknown command.
You hit the hound but do no damage.
The hound is heavily wounded.
The hound bites you.
You die...

........#
.......#
.......#
......#
......#
#.....#
#h....#
#@....#
#<....#
#.....#
###...#
...# ...#
..# ..#
.#


You could see a hound.

Vanquished Creatures
  A hound (D:12)
  A dart slug (D:3)
  A hobgoblin (D:3)
  A toadstool (D:1)
4 creatures vanquished.

Notes
Turn   | Place    | Note
-------+----------+-------------------------------------------
     0 | Abyss:1  | 4thArraOfDagon the Formicid Abyssal Knight began the quest for the Orb.
     0 | Abyss:1  | Reached XP level 1. HP: 18/18 MP: 2/2
    64 | Abyss:1  | Noticed a wraith
    89 | Abyss:1  | Noticed a worldbinder
    92 | Abyss:1  | Noticed a tarantella
    92 | Abyss:1  | Noticed an orb spider
    92 | Abyss:1  | Noticed a jumping spider
    93 | D:1      | Escaped the Abyss
    99 | D:1      | You fall through a shaft!
    99 | D:2      | Found a runed door.
    99 | D:2      | Found a basalt altar of Yredelemnul.
    99 | D:2      | Noticed a human
   102 | D:2      | You fall through a shaft!
   146 | D:3      | You fall through a shaft for 3 floors!
   146 | D:6      | Found a shadowy altar of Dithmenos.
   169 | D:6      | Found a radiant altar of Vehumet.
   176 | D:6      | Noticed an orc priest
   195 | D:7      | Noticed a killer bee
   198 | D:7      | Noticed a killer bee
   199 | D:7      | Noticed a killer bee
   199 | D:7      | You fall through a shaft for 3 floors!
   199 | D:10     | Entered Level 10 of the Dungeon
   239 | D:10     | Noticed a hippogriff
   245 | D:10     | You fall through a shaft for 3 floors!
   288 | D:12     | Got a dazzling leather armour
   299 | D:12     | Identified the cursed +1 leather armour of the Forest {rPois rN+ rCorr Int-2} (You found it on level 12 of the Dungeon)
   396 | D:11     | Found a staircase to the Lair.
   396 | D:11     | Noticed a hell rat
   396 | D:11     | Noticed a wyvern zombie
   398 | D:11     | Noticed a crocodile
   398 | D:11     | Noticed an iguana
   421 | D:12     | Noticed a hound
   427 | D:12     | Noticed a phantom
   436 | D:12     | Killed a hound
   436 | D:12     | Reached XP level 2. HP: 14/24 MP: 3/3
   436 | D:12     | Reached XP level 3. HP: 18/29 MP: 4/4
   523 | D:11     | Noticed a giant frog
   523 | D:11     | Noticed a yak
   523 | D:11     | Noticed a sky beast
   523 | D:11     | Noticed a phantom
   523 | D:11     | Noticed a yak
   524 | D:11     | HP: 1/29 [phantom (9)]
   525 | D:11     | Noticed a yak
   526 | D:11     | Noticed a yak
   526 | D:11     | You fall through a shaft!
   584 | D:12     | Noticed a seven-headed hydra
   641 | D:12     | Noticed a troll
   648 | D:12     | You fall through a shaft!
   683 | D:14     | HP: 1/29 [hound (2)]
   684 | D:14     | Slain by a hound

Vault maps used:
D:1:      ldierk_walled_garden_2
D:2:      dk_yredelemnul_ordeal, uniq_sigmund
D:3:      first_bread, minmay_misc_feat_tiny
D:6:      johnstein_pakellas_shop, nicolae_dithmenos_shadow_blocks, basic_altar
D:7:      uniq_prince_ribbit1
D:11:     minmay_ornate_pinched, dpeg_lair_monsters, uniq_erica
D:13:     grunt_vaults_entry_tiered
D:14:     minmay_door_square, portal_ice_cave_entry_imps, grunt_pizzeria

Action                   || total
-------------------------++-------
Melee: Hand axe          ||    26
Invok: Depart the Abyss  ||     1
 Abil: Shaft Self        ||     7
       Dig               ||     2
  Use: Scroll            ||     5
       Potion            ||     5
  Eat: Fruit             ||     7
Armor: Leather armour    ||     9
Dodge: Dodged            ||    29
